 Dungeon Crawl Stone Soup version 0.23.2-40-g277498a001 (webtiles) character file.

Game seed: 17568363006288759456

145 Flortec the Firebug (level 5, -4/38 HPs)
             Began as a Hill Orc Fire Elementalist on Oct 8, 2019.
             Was an Initiate of Okawaru.
             Slain by a flying skull (8 damage)
             ... created by the anger of Yredelemnul
             ... on level 3 of the Dungeon.
             The game lasted 00:14:23 (3014 turns).

Flortec the Firebug (Hill Orc Fire Elementalist)    Turns: 3014, Time: 00:14:24

Health: -4/38      AC:  3    Str: 11    XL:     5   Next: 27%
Magic:  8/8        EV: 12    Int: 16    God:    Okawaru [......]
Gold:   110        SH:  4    Dex: 11    Spells: 7/8 levels left

rFire    . . .     SeeInvis .   k - +1 whip
rCold    . . .     Gourm    .   (no shield)
rNeg     . . .     Faith    .   a - +0 robe
rPois    .         Spirit   .   (no helmet)
rElec    .         Reflect  +   (no cloak)
rCorr    .         Harm     .   (no gloves)
MR       .....                  i - +0 pair of boots
Stlth    ++........             p - +4 amulet of reflection
HPRegen  0.12/turn              (no ring)
MPRegen  0.11/turn              (no ring)

@: no status effects
A: no striking features
a: Renounce Religion


You were on level 3 of the Dungeon.
You worshipped Okawaru.
Okawaru was noncommittal.
You were not hungry.

You visited 1 branch of the dungeon, and saw 3 of its levels.

You collected 110 gold pieces.

Inventory:

Hand Weapons
 k - a +1 whip (weapon)
Missiles
 h - 61 stones (quivered)
 j - 23 sling bullets
 m - 20 arrows
 o - 13 bolts
Armour
 a - a +0 robe (worn)
 i - a +0 pair of boots (worn)
Jewellery
 p - a +4 amulet of reflection (around neck)
Wands
 l - a wand of iceblast (7)
Scrolls
 g - 2 scrolls of remove curse
 q - a scroll of identify
Potions
 b - a potion of mutation {unknown}
 d - a potion of flight
 e - a potion of haste {unknown}
 f - 3 potions of lignification
 n - a potion of curing {unknown}
 r - a potion of might {unknown}
Comestibles
 c - 5 rations


   Skills:
 + Level 1.1 Maces & Flails
 + Level 2.1 Dodging
 + Level 2.2 Stealth
 + Level 2.1 Spellcasting
 + Level 1.8 Conjurations
 + Level 4.6 Fire Magic


You had 7 spell levels left.
You knew the following spells:

 Your Spells              Type           Power        Failure   Level  Hunger
a - Flame Tongue          Conj/Fire      ##...        5%          1    #......

Your spell library contained the following spells:

 Spells                   Type           Power        Failure   Level  Hunger
 Throw Flame              Conj/Fire      ##....       9%          2    ###....
 Conjure Flame            Conj/Fire      ##......     16%         3    ###....
 Inner Flame              Hex/Fire       #.......     24%         3    ###....
 Sticky Flame             Conj/Fire      ##......     47%         4    #####..
 Fireball                 Conj/Fire      ##........   83%         5    ######.


Dungeon Overview and Level Annotations

Branches:
Dungeon (3/15)

Altars:
Okawaru
Yredelemnul

Annotations:
D:3 1 transporter, Marnok's ghost, amateur DgAr


Message History

The divine experience confuses you!
You are confused.
Found 10 gold pieces. 2 flying skulls and a zombie come into view.
You nearly stumble into some lava!
The flying skull barely misses you.
The centaur zombie hits you but does no damage.
You're too confused to move!
The flying skull barely misses you. The flying skull hits you!
The centaur zombie barely misses you. The flying skull hits you.
You nearly stumble into some lava!
The flying skull hits you. The centaur zombie barely misses you.
The flying skull misses you. The flying skull hits you.
You nearly stumble into some lava!
The centaur zombie barely misses you. The flying skull closely misses you.
The flying skull hits you! The centaur zombie hits you.
The flying skull hits you!
* * * LOW HITPOINT WARNING * * *
You hit the centaur zombie.
The centaur zombie is lightly damaged.
You feel less confused. The flying skull hits you!
You die...

########## #≈≈≈≈≈§§§#
#≈.).[zz≈# ###≈.####@§####
#.'..# #Z≈#..# #†'..#
#.≈#..# #†#≈.#
#$≈#..###+####
#.#≈.[§.§.≈#.........#
#.#≈≈≈≈≈§≈≈#.........#####
#.##########.......>.#....
#.........................
#############.###.........


You could see 2 flying skulls and a centaur zombie.

Vanquished Creatures
  A hound (D:3)
  5 adders
  A shadow imp (D:2)
  An ooze (D:2)
  A worm (D:2)
  5 leopard geckos
  3 bats
  3 giant cockroaches
  9 goblins
  5 hobgoblins
  2 jackals (D:3)
  5 kobolds
  4 frilled lizards
  8 rats
53 creatures vanquished.

Notes
Turn   | Place    | Note
-------+----------+-------------------------------------------
     0 | D:1      | Flortec the Hill Orc Fire Elementalist began the quest for
                  | the Orb.
     0 | D:1      | Reached XP level 1. HP: 14/14 MP: 3/3
   232 | D:1      | Reached XP level 2. HP: 20/20 MP: 1/4
   634 | D:1      | Reached skill level 4 in Fire Magic
   946 | D:2      | Reached XP level 3. HP: 24/26 MP: 0/5
  1365 | D:2      | Found a faded altar of an unknown god.
  1390 | D:2      | Became a worshipper of Yredelemnul the Dark
  1390 | D:2      | Reached * piety under Yredelemnul
  1580 | D:2      | Reached XP level 4. HP: 22/33 MP: 0/6
  1729 | D:2      | Found an iron altar of Okawaru.
  1742 | D:2      | Fell from the grace of Yredelemnul
  1742 | D:2      | Became a worshipper of Warmaster Okawaru
  2734 | D:3      | Found a transporter.
  2734 | D:3      | Noticed Marnok's ghost (amateur DgAr)
  2796 | D:3      | Reached skill level 1 in Maces & Flails
  2868 | D:3      | Reached XP level 5. HP: 28/38 MP: 4/8
  3009 | D:3      | Noticed a flying skull
  3009 | D:3      | Noticed a flying skull
  3014 | D:3      | Slain by a flying skull

Skill      XL: |  1  2  3  4 |
---------------+-------------+-----
Fire Magic     | 4 |  4.6
Stealth        | 2 |  2.2
Spellcasting   | 2 |  2.1
Dodging        | 2 |  2.1
Maces & Flails | 1 |  1.1
Conjurations   | |  1.8

Action                   |  1- 3 |  4- 6 || total
-------------------------+-------+-------++-------
Melee: Unarmed           |     4 |       ||     4
       Whip              |    27 |    34 ||    61
Throw: Stone             |     4 |       ||     4
 Cast: Flame Tongue      |    38 |    38 ||    76
  Use: Scroll            |     8 |     1 ||     9
       Potion            |     1 |       ||     1
 Stab: Sleeping          |     1 |     1 ||     2
  Eat: Ration            |     1 |     1 ||     2
       Chunk             |       |     2 ||     2
Armor: Robe              |    11 |    13 ||    24
Dodge: Dodged            |    35 |    42 ||    77
Block: Other             |       |     9 ||     9
